 Dungeon Sprint DCSS version 0.26-a0-1033-gd598b01645 (webtiles) character file.

Game seed: 11568565331533356349

14184 sahdkjhfkaj the Brawler (level 11, -11/120 HPs)
             Began as a Troll Monk on Dec 11, 2020.
             Was the Champion of Sif Muna.
             Shot with an arrow by a deep elf master archer (32 damage)
             ... in the Dungeon (Sprint V: "Ziggurat Sprint").
             The game lasted 00:03:53 (835 turns).

sahdkjhfkaj the Brawler (Troll Monk)                 Turns: 835, Time: 00:03:54

Health: -11/120    AC: 18    Str: 36    XL:     11   Next: 85%
Magic:  19/19      EV:  5    Int:  6    God:    Sif Muna [******]
Gold:   0          SH: 23    Dex: 12    Spells: 10/10 levels left

rFire    + . .     SeeInvis .     - Unarmed
rCold    + . .     Faith    .   a - +3 tower shield
rNeg     . . .     Spirit   .   C - +5 gold dragon scales
rPois    +         Reflect  .   (helmet restricted)
rElec    .         Harm     .   (no cloak)
rCorr    .         Rampage  .   (gloves unavailable)
Will     .....     NoTele   +   (boots unavailable)
Stlth    ..........             (no amulet)
HPRegen  0.70/turn              x - +6 ring of strength
MPRegen  0.16/turn              w - +6 ring of strength

@: no status effects
A: large, unfitting armour, claws 3, deformed body, regeneration 1, shaggy fur
1, tough skin 3
a: Channel Magic, Forget Spell, Divine Exegesis, Renounce Religion


You were in the Dungeon.
You worshipped Sif Muna.
Sif Muna was exalted by your worship.
You visited 1 branch

Inventory:

Missiles
 k - 2 throwing nets (quivered) {!f}
Armour
 a - a +3 tower shield (worn)
 C - +5 gold dragon scales (worn)
Jewellery
 s - an uncursed ring of flight
 t - a +6 ring of intelligence
 u - a +6 ring of dexterity
 v - a +6 ring of dexterity
 w - a +6 ring of strength (right claw)
 x - a +6 ring of strength (left claw)
 z - the ring "Kycim" {rF+ rC+ rN+ Str+4 Stlth-}
   (You found it in the Dungeon)

   [ring of protection from fire]

   It affects your strength (+4).
   It protects you from fire.
   It protects you from cold.
   It protects you from negative energy.
   It makes you less stealthy.
 T - a +6 ring of intelligence
Wands
 y - a wand of disintegration (7)
 A - a wand of acid (7) {@v2}
Scrolls
 g - 3 scrolls of blinking {@r4}
 m - 4 scrolls of amnesia
 n - 7 scrolls of fog
 o - a scroll of holy word
 p - 5 scrolls of identify {@r1}
 q - 5 scrolls of remove curse {@r2}
 r - 2 scrolls of fear
 D - 2 scrolls of brand weapon
Potions
 b - 10 potions of curing {@q1}
 c - 8 potions of heal wounds {@q2}
 d - 11 potions of haste {@q3}
 e - 7 potions of magic
 f - 2 potions of berserk rage
 h - 2 potions of brilliance
 i - 2 potions of invisibility
 j - 4 potions of resistance {@q6}
 l - 6 potions of might {@q4}
Miscellaneous
 B - a lightning rod (4/4)
 E - a condenser vane
 F - a tin of tremorstones (2/2)


   Skills:
 - Level 11.1 Fighting
 + Level 5.8 Armour
 + Level 6.4 Dodging
 - Level 1.0 Stealth
 - Level 9.0 Shields
 - Level 17.0 Unarmed Combat
 - Level 12.0 Invocations
 * Level 6.7 Evocations


You had 10 spell levels left.
You didn't know any spells.
Your spell library contained the following spells:

 Spells                   Type           Power        Failure   Level
 Animate Skeleton         Necr           #.....       100%        1
 Apportation              Tloc           #.....       100%        1
 Beastly Appendage        Tmut           #.....       100%        1
 Corona                   Hex            #......      100%        1
 Magic Dart               Conj           #...         100%        1
 Sting                    Tmut/Pois      #...         100%        1
 Summon Small Mammal      Summ           #...         100%        1
 Blink                    Tloc           N/A          100%        2
 Corpse Rot               Necr/Air       N/A          100%        2
 Ensorcelled Hibernation  Hex/Ice        #.....       100%        2
 Passwall                 Tmut/Erth      #.......     100%        2
 Poisonous Vapours        Pois/Air       #.....       100%        2
 Searing Ray              Conj           #.....       100%        2
 Slow                     Hex            #.......     100%        2
 Sublimation of Blood     Necr           #.........   100%        2
 Swiftness                Air            #.......     100%        2
 Conjure Flame            Conj/Fire      #.......     100%        3
 Dazzling Flash           Conj/Hex       #.....       100%        3
 Frozen Ramparts          Ice            #.....       100%        3
 Gell's Gravitas          Tloc           #.........   100%        3
 Ignite Poison            Fire/Tmut/Pois #.......     100%        3
 Inner Flame              Hex/Fire       #.......     100%        3
 Lesser Beckoning         Tloc           #.........   100%        3
 Mephitic Cloud           Conj/Pois/Air  #.......     100%        3
 Portal Projectile        Hex/Tloc       #.....       100%        3
 Spider Form              Tmut/Pois      #.........   100%        3
 Stone Arrow              Conj/Erth      #.....       100%        3
 Tukima's Dance           Hex            #.......     100%        3
 Cause Fear               Hex            #.........   100%        4
 Fulminant Prism          Conj/Hex       #.........   100%        4
 Hailstorm                Conj/Ice       #.......     100%        4
 Iskenderun's Mystic Bla  Conj/Tloc      #.......     100%        4
 Leda's Liquefaction      Hex/Erth       #.........   100%        4
 Olgreb's Toxic Radiance  Pois           #.......     100%        4
 Passage of Golubria      Tloc           N/A          100%        4
 Petrify                  Tmut/Erth      #.......     100%        4
 Summon Ice Beast         Ice/Summ       #.......     100%        4
 Summon Lightning Spire   Summ/Air       #.......     100%        4
 Agony                    Necr           #.......     100%        5
 Bolt of Magma            Conj/Fire/Erth #.........   100%        5
 Borgnjor's Vile Clutch   Necr/Erth      #.........   100%        5
 Iskenderun's Battlesphe  Conj           #.......     100%        5
 Lee's Rapid Deconstruct  Erth           #.........   100%        5
 Lightning Bolt           Conj/Air       #.........   100%        5
 Metabolic Englaciation   Hex/Ice        #.........   100%        5
 Silence                  Hex/Air        #.........   100%        5
 Dispersal                Tloc           #.........   100%        6
 Freezing Cloud           Conj/Ice/Air   #.........   100%        6
 Invisibility             Hex            #.......     100%        6
 Iron Shot                Conj/Erth      #.........   100%        6
 Shadow Creatures         Summ           N/A          100%        6
 Malign Gateway           Summ/Tloc      #.........   100%        7
 Monstrous Menagerie      Summ           #.........   100%        7
 Orb of Destruction       Conj           #.........   100%        7
 Spellforged Servitor     Conj/Summ      #.........   100%        7
 Summon Greater Demon     Summ           #.........   100%        7
 Disjunction              Tloc           #.........   100%        8
 Summon Horrible Things   Summ           #.........   100%        8
 Shatter                  Erth           #.........   100%        9


Dungeon Overview and Level Annotations

Branches:
Dungeon (1/1)

Altars:
Ashenzari
Cheibriados
Dithmenos
Elyvilon
Fedhas
Gozag
Hepliaklqana
Kikubaaqudgha
Makhleb
Nemelex Xobeh
Okawaru
Qazlal
Ru
Sif Muna
Trog
Uskayaw
Vehumet
Wu Jian
Xom
Yredelemnul
Zin
The Shining One
Beogh
Jiyva
Lugonu


Innate Abilities, Weirdness & Mutations

You are too large for most types of armour.
You have claws for hands.
Your natural rate of healing is unusually fast.
You are covered in fur. (AC +1)
You have extremely tough skin. (AC +3)
Armour fits poorly on your strangely shaped body.


Message History

The deep elf master archer shoots an arrow.
The arrow hits you!
* * * LOW HITPOINT WARNING * * *
Found three items.
Things that are here:
a javelin; a bolt; 4 arrows Blink to where?
Press: ? - help, Dir - move target
As you read the scroll of blinking {@r4}, it crumbles to dust.
The centaur warrior shouts!
The centaur shoots an arrow.
The arrow hits you.
* * * LOW HITPOINT WARNING * * *
The centaur warrior wields a +0 longbow.
The centaur warrior shoots an arrow.
The arrow hits you but does no damage.
You block the merfolk javelineer's attack.
The merfolk javelineer hits you from afar with a +0 spear of freezing.
* * * LOW HITPOINT WARNING * * *
The deep elf master archer shoots an arrow.
The arrow hits you!!
You die...

▓...)))... ▓...).....
▓......... ▓....©....
▓▓▓▓▓▓▓▓▓▓▓▓▓▓▓▓▓▓▓▓▓▓
▓...8©8...▓...8©8...▓.
▓..)cc)c..▓..=}).=..▓.
▓..meccmm.▓..[.))=..▓.
▓..c.@c...▓.........▓.
▓.........▓.........▓.
▓.........▓.........▓.
▓.........▓.........▓.
▓..▓...▓..▓.........▓.
▓.▓..§..▓.▓.▓.....▓.▓.
▓...(©(...▓....©....▓▓
▓▓▓▓▓▓▓▓▓▓▓▓▓▓▓▓▓▓▓▓▓


You could see 3 merfolk javelineers, a deep elf master archer, a centaur
warrior, 4 yaktaurs and 2 centaurs.

Vanquished Creatures
  A purple draconian (D)
  5 red draconians (D)
  A death ooze (D)
  A glowing orange brain (D)
  6 draconians (D)
  A shining eye (D)
  2 toenail golems (D)
  A black mamba (D)
  An eye of devastation (D)
  2 gargoyles (D)
  8 merfolk (D)
  A wind drake (D)
  A slime creature (D)
  A neqoxec (D)
  2 chaos spawn (D)
  A naga (D)
  A water moccasin (D)
  A phantom (D)
  2 centaurs (D)
  3 earth elementals (D)
  A crimson imp (D)
  3 jellies (D)
  3 iron imps (D)
  2 shadow imps (D)
  2 white imps (D)
  An ufetubus (D)
  2 oozes (D)
  2 adder zombies (D)
  3 ball pythons (D)
  2 bat skeletons (D)
  A giant cockroach zombie (D)
64 creatures vanquished.

Notes
Turn   | Place    | Note
-------+----------+-------------------------------------------
     0 | D        | sahdkjhfkaj the Troll Monk began the quest for the Orb.
     0 | D        | Reached XP level 1. HP: 22/22 MP: 0/0
     0 | D        | Found a shimmering blue altar of Sif Muna.
     0 | D        | Found a sacrificial altar of Ru.
     0 | D        | Found a bloodstained altar of Trog.
     0 | D        | Found a stormy altar of Qazlal.
     0 | D        | Found an iron altar of Okawaru.
     0 | D        | Found a sparkling altar of Nemelex Xobeh.
     0 | D        | Found a blossoming altar of Fedhas.
     1 | D        | Found the +6 Majin-Bo {vamp, MP+6 Int+6}
     1 | D        | Found the +9 heavy crossbow "Sniper" {vorpal, Acc+∞ SInv}
     1 | D        | Found the +10 dark maul {vorpal}
     1 | D        | Found the +15 Maxwell's patent armour {-Cast -Tele rElec
                  | Will+ rCorr}
     1 | D        | Found the +18 shield of the Gong {rElec rN+ Will+ EV-5}
     1 | D        | Found the cursed +14 obsidian axe {vorpal, +Fly SInv
                  | *Curse}
     1 | D        | Found the +7 great mace "Firestarter" {inner flame, rF++}
     1 | D        | Found the +6 shillelagh "Devastator" {shatter}
     1 | D        | Found the +11 plutonium sword {*Contam Stlth-}
     1 | D        | Found the +8 lance "Wyrmbane" {slay drac, rPois rF+ rC+
                  | AC+3}
     1 | D        | Found the +9 sword of Zonguldrok {reap}
     1 | D        | Found the cursed +13 scythe of Curses {drain, *Curse}
     1 | D        | Found the +0 sword of Power
     1 | D        | Found the +7 mace of Variability {chain chaos}
     1 | D        | Found the +7 Singing Sword {vorpal, sonic wave}
     1 | D        | Found the +8 storm bow {elec, penet}
     2 | D        | Found a transporter.
     2 | D        | Found an ancient bone altar of Kikubaaqudgha.
     2 | D        | Found a viscous altar of Jiyva.
     2 | D        | Found a corrupted altar of Lugonu.
     2 | D        | Found a hazy altar of Hepliaklqana.
     2 | D        | Found a burning altar of Makhleb.
     2 | D        | Found an opulent altar of Gozag.
    47 | D        | Became a worshipper of Sif Muna the Loreminder
    47 | D        | Reached * piety under Sif Muna
    47 | D        | Reached ** piety under Sif Muna
    83 | D        | Reached skill level 5 in Unarmed Combat
    83 | D        | Reached XP level 2. HP: 31/31 MP: 1/1
    89 | D        | Entered arena 2.
    89 | D        | Found a transporter.
   100 | D        | Entered arena 3.
   100 | D        | Noticed a phantom
   100 | D        | Found a transporter.
   113 | D        | Reached *** piety under Sif Muna
   126 | D        | Killed a phantom
   127 | D        | Reached skill level 5 in Shields
   127 | D        | Reached skill level 7 in Unarmed Combat
   127 | D        | Reached XP level 3. HP: 40/40 MP: 2/2
   127 | D        | Reached XP level 4. HP: 49/49 MP: 3/3
   131 | D        | Entered arena 4.
   131 | D        | Found a transporter.
   140 | D        | Reached XP level 5. HP: 55/55 MP: 4/4
   142 | D        | Reached skill level 5 in Fighting
   142 | D        | Reached skill level 8 in Unarmed Combat
   145 | D        | Reached **** piety under Sif Muna
   151 | D        | Acquired a manual of Air Magic
   158 | D        | Entered arena 5.
   158 | D        | Noticed a draconian
   158 | D        | Noticed a draconian
   158 | D        | Noticed a draconian
   158 | D        | Noticed a red draconian
   158 | D        | Found a transporter.
   172 | D        | Killed a draconian
   173 | D        | Reached skill level 10 in Unarmed Combat
   173 | D        | Reached XP level 6. HP: 34/68 MP: 5/5
   173 | D        | Reached XP level 7. HP: 38/76 MP: 6/6
   182 | D        | Killed a draconian
   183 | D        | Reached skill level 11 in Unarmed Combat
   190 | D        | Killed a red draconian
   191 | D        | Reached skill level 13 in Unarmed Combat
   191 | D        | Reached XP level 8. HP: 16/89 MP: 7/7
   202 | D        | Killed a draconian
   202 | D        | Reached ***** piety under Sif Muna
   202 | D        | Received a gift from Sif Muna
   203 | D        | Reached skill level 14 in Unarmed Combat
   203 | D        | Reached XP level 9. HP: 24/98 MP: 8/8
   317 | D        | Entered arena 6.
   317 | D        | Noticed a merfolk
   317 | D        | Noticed a merfolk
   317 | D        | Noticed a merfolk
   317 | D        | Noticed a merfolk
   317 | D        | Noticed a merfolk
   317 | D        | Found a transporter.
   318 | D        | Identified the cursed +1 shortbow "Town" {speed, rN+ Dex+2}
   323 | D        | Killed a merfolk
   329 | D        | Killed a merfolk
   334 | D        | Killed a merfolk
   335 | D        | Reached skill level 15 in Unarmed Combat
   337 | D        | Killed a merfolk
   338 | D        | Reached skill level 10 in Fighting
   344 | D        | Killed a merfolk
   393 | D        | Entered arena 7.
   393 | D        | Noticed a merfolk
   393 | D        | Noticed a wind drake
   393 | D        | Noticed a merfolk
   393 | D        | Noticed a merfolk
   394 | D        | Identified the cursed +1 shortbow of Kindness {vorpal,
                  | *Drain rC- Will+++ Str+4}
   395 | D        | Found a transporter.
   404 | D        | Killed a wind drake
   404 | D        | Identified Asic's Incunabulum of Earthen Stolen Souls (Sif
                  | Muna gifted it to you in the Dungeon)
   404 | D        | Received a gift from Sif Muna
   406 | D        | Killed a merfolk
   407 | D        | Reached skill level 16 in Unarmed Combat
   410 | D        | Killed a merfolk
   416 | D        | Killed a merfolk
   417 | D        | Reached XP level 10. HP: 77/111 MP: 9/9
   509 | D        | Entered arena 8.
   509 | D        | Noticed a black mamba
   510 | D        | Found a transporter.
   515 | D        | Killed a black mamba
   519 | D        | Received a gift from Sif Muna
   524 | D        | Reached skill level 17 in Unarmed Combat
   540 | D        | Got the ring "Kycim" {rF+ rC+ rN+ Str+4 Stlth-}
   550 | D        | Entered arena 9.
   550 | D        | Noticed a toenail golem
   550 | D        | Noticed a toenail golem
   550 | D        | Noticed a gargoyle
   550 | D        | Noticed a gargoyle
   551 | D        | Found a transporter.
   555 | D        | Killed a gargoyle
   556 | D        | Reached skill level 1 in Armour
   556 | D        | Reached skill level 1 in Evocations
   559 | D        | Killed a toenail golem
   563 | D        | Killed a toenail golem
   567 | D        | Killed a gargoyle
   577 | D        | Identified Sif Muna's Incunabulum of Snow and the Entourage
                  | (Sif Muna gifted it to you in the Dungeon)
   577 | D        | Received a gift from Sif Muna
   664 | D        | Entered arena 10.
   664 | D        | Noticed a red draconian
   664 | D        | Noticed a draconian
   664 | D        | Noticed a red draconian
   664 | D        | Noticed a red draconian
   664 | D        | Noticed a draconian
   664 | D        | Noticed a red draconian
   664 | D        | Noticed a draconian
   664 | D        | Noticed a purple draconian
   665 | D        | Found a transporter.
   668 | D        | Killed a draconian
   669 | D        | Killed a red draconian
   669 | D        | Killed a red draconian
   669 | D        | Killed a red draconian
   669 | D        | Killed a red draconian
   669 | D        | Killed a draconian
   669 | D        | Identified Sif Muna's Incunabulum of Enthralling
                  | Transmigration (Sif Muna gifted it to you in the Dungeon)
   669 | D        | Received a gift from Sif Muna
   669 | D        | Killed a purple draconian
   670 | D        | Reached XP level 11. HP: 93/120 MP: 9/19
   672 | D        | Reached skill level 5 in Dodging
   741 | D        | Entered arena 11.
   742 | D        | Found a transporter.
   747 | D        | Reached ****** piety under Sif Muna
   748 | D        | Identified Sif Muna's Almanac of the Rocks and
                  | Weightlessness (Sif Muna gifted it to you in the Dungeon)
   748 | D        | Received a gift from Sif Muna
   806 | D        | Got the Reference Book on Dislocated Stones
   809 | D        | Entered arena 12.
   809 | D        | Noticed a glowing orange brain
   810 | D        | Noticed a shining eye
   810 | D        | Noticed a death ooze
   811 | D        | Found a transporter.
   813 | D        | Reached skill level 5 in Evocations
   813 | D        | Received a gift from Sif Muna
   813 | D        | Killed a death ooze
   813 | D        | Killed a glowing orange brain
   813 | D        | Gained mutation: Armour fits poorly on your strangely
                  | shaped body. [a shining eye]
   814 | D        | Reached skill level 5 in Armour
   820 | D        | Killed a shining eye
   833 | D        | Entered arena 13.
   833 | D        | Noticed a merfolk javelineer
   833 | D        | Noticed a deep elf master archer
   833 | D        | Noticed a merfolk javelineer
   834 | D        | Identified the cursed ring of Hepliaklqana's Hope {rPois
                  | rF- Will+++ Int-4}
   834 | D        | Noticed a merfolk javelineer
   834 | D        | Noticed a centaur warrior
   835 | D        | Found a transporter.
   835 | D        | Shot with an arrow by a deep elf master archer

Illustrated notes

Levels and vault maps discovered:
D:        sprint_v [room_start, room_1, room_2, room_3, room_4, room_5, room_6,
          room_7, room_8, room_9, room_10, room_11, room_12, room_13, room_14,
          room_15, room_16, room_17, room_18, room_19, room_20, room_21,
          room_22, room_23, room_24, room_25, room_26, room_27]

Skill      XL: |  1  2  3  4  5  6  7  8  9 10 11 |
---------------+----------------------------------+-----
Fighting       | 3 4 6 8 9 10 11 | 11.1
Shields        | 3 5 8 9 |  9.0
Unarmed Combat | 5 7 10 13 14 16 17 | 17.0
Armour         | 4 5 |  5.8
Dodging        | 4 6 |  6.4
Evocations     | 4 6 |  6.7
Invocations    | 12 | 12.0
Stealth        | |  1.0

Action                   |  1- 3 |  4- 6 |  7- 9 | 10-12 || total
-------------------------+-------+-------+-------+-------++-------
Melee: Unarmed           |    25 |    27 |    59 |    54 ||   165
Evoke: Wand              |       |       |     7 |       ||     7
       Lightning rod     |       |       |     3 |       ||     3
       Tin of tremorston |       |       |       |     4 ||     4
       Condenser vane    |       |       |       |     2 ||     2
  Use: Potion            |     1 |       |     2 |     3 ||     6
       Scroll            |       |     1 |       |     1 ||     2
Armor: Gold dragon scale |    11 |    38 |    28 |    20 ||    97
Dodge: Dodged            |       |     2 |       |     2 ||     4
Block: Tower shield      |    21 |    49 |    85 |    53 ||   208

Table legend: (Time is in decaauts)
 A = Elapsed time spent in this place.
 B = Non-inter-level travel time spent in this place.
 C = Inter-level travel time spent in this place.
 D = Time resting spent in this place.
 E = Time spent auto-exploring this place.
 F = Levels seen in this place.
 G = Mean time per level.
                   A        B        C        D        E       F      G
               +--------+--------+--------+--------+--------+-----+--------+
         Total |    777 |    777 |      0 |    267 |    156 |   1 |  777.0 |
       Dungeon |    777 |    777 |      0 |    267 |    156 |   1 |  777.0 |
               +--------+--------+--------+--------+--------+-----+--------+

Top non-repeatable levels by time:
       D: 777 daAuts
